 Dungeon Crawl Stone Soup version 0.27-a0-1184-ge86db4a01e (webtiles) character file.

Game seed: 8480865635136894230

1337 chippings the Fighter (level 8, -14/68 HPs)
             Began as a Mummy Gladiator on May 18, 2021.
             Was a Follower of Vehumet.
             Killed from afar by a gargoyle (15 damage)
             ... with a stone arrow
             ... on level 6 of the Dungeon.
             The game lasted 00:12:55 (6783 turns).

chippings the Fighter (Mummy Gladiator)             Turns: 6783, Time: 00:12:56

Health: -14/68     AC: 13    Str: 19    XL:     8   Next: 35%
Magic:  8/8        EV:  8    Int:  7    God:    Vehumet [*.....]
Gold:   105        SH:  0    Dex: 14    Spells: 6/7 levels left

rFire    x . .     SeeInvis .   z - +4 spear (freeze)
rCold    + . .     Faith    .   (no shield)
rNeg     + + +     Spirit   .   l - +0 chain mail
rPois    ∞         Reflect  .   c - +0 helmet
rElec    .         Harm     .   (no cloak)
rCorr    .         Rampage  .   (no gloves)
Will     ++...                  (no boots)
Stlth    ..........             s - amulet of magic regeneration
HPRegen  0.21/turn              e - ring of willpower
MPRegen  0.36/turn              A - +4 ring of protection

@: no status effects
A: cold resistance 1, negative energy resistance 3, torment resistance 2, heat
vulnerability 1, no potions
a: Renounce Religion


You were on level 6 of the Dungeon.
You worshipped Vehumet.
Vehumet was aware of your devotion.
You visited 1 branch of the dungeon, and saw 6 of its levels.
You also visited: Sewer.

You collected 247 gold pieces.
You spent 142 gold pieces at shops.

Inventory:

Hand Weapons
 i - a +4 short sword
 u - a +1 dagger of electrocution
 w - a +1 dagger of venom
 y - a +4 battleaxe of freezing
 z - a +4 spear of freezing (weapon)
Missiles
 d - 3 throwing nets (quivered)
 m - 15 poisoned darts
 v - 7 curare-tipped darts
Armour
 c - a +0 helmet (worn)
 l - a +0 chain mail (worn)
 o - a +0 ring mail
Magical Staves
 j - a staff of air
Jewellery
 e - a ring of willpower (left hand)
 s - an amulet of magic regeneration (around neck)
 A - a +4 ring of protection (right hand)
Wands
 b - a wand of charming (6)
 q - a wand of acid (4)
 r - a wand of flame (18)
Scrolls
 a - a scroll of fear
 f - a scroll of identify
 g - a scroll of noise
 h - 4 scrolls of enchant weapon
 k - 2 scrolls of blinking
 n - a scroll of immolation
 p - a scroll of torment
 t - a scroll of vulnerability
 x - a scroll of summoning {unknown}
 B - a scroll of teleportation {unknown}


   Skills:
 - Level 8.0 Fighting
 - Level 2.0 Short Blades
 - Level 3.3 Maces & Flails
 - Level 2.0 Polearms
 - Level 1.5 Throwing
 - Level 2.4 Dodging
 + Level 0.0 Spellcasting
 + Level 0.0 Conjurations
 + Level 3.6 Evocations


You had 6 spell levels left.
You knew the following spells:

 Your Spells              Type           Power      Damage    Failure   Level
a - Magic Dart            Conj           0%         1d3       100%        1

Your spell library contained the following spells:

 Spells                   Type           Power      Damage    Failure   Level
 Passwall                 Tmut/Erth      0%         N/A       100%        2


Dungeon Overview and Level Annotations

Branches:
Dungeon (6/15)              Sewer (visited)
 Temple: D:4-7

Altars:
Cheibriados
Dithmenos
Elyvilon
Makhleb
Sif Muna
Trog
Uskayaw
Vehumet

Shops:
D:2 [   D:5 ?


Innate Abilities, Weirdness & Mutations

You are immune to poison.
Your flesh is cold resistant. (rC+)
You are immune to negative energy. (rN+++)
You are immune to unholy pain and torment.
You are vulnerable to heat. (rF-)
You do not drink.


Message History

You add the spell Magic Dart to your library.
Spell assigned to 'a'.
A gargoyle comes into view. It is wielding a +0 flail.
The gargoyle hurls a stone arrow at you.
The stone arrow hits you.
You reach to attack!
You hit the gargoyle but do no damage. You hit the gargoyle but do no damage.
The gargoyle barely misses you.
You hit the gargoyle but do no damage. The gargoyle hits you with a +0 flail.
You hit the gargoyle. You freeze the gargoyle.
The gargoyle is lightly damaged.
The gargoyle hits you with a +0 flail.
You hit the gargoyle but do no damage.
The gargoyle is lightly damaged.
The gargoyle hurls a stone arrow at you.
The stone arrow hits you!!
You hit the gargoyle but do no damage.
The gargoyle is lightly damaged.
The gargoyle hurls a stone arrow at you.
The stone arrow hits you!
You hit the gargoyle but do no damage.
The gargoyle is lightly damaged.
The gargoyle hits you with a +0 flail!
* * * LOW HITPOINT WARNING * * *
Aiming: Corrosive Bolt
Press: ? - help, Shift-Dir - straight line, f/p - gargoyle
Aim: a gargoyle, wielding a +0 flail (lightly damaged, 88% to hit)
The bolt of acid hits the gargoyle!
The gargoyle is splashed with acid.
The gargoyle is heavily damaged.
The gargoyle hurls a stone arrow at you.
The stone arrow hits you!
* * * LOW HITPOINT WARNING * * *
Unknown command.
Aiming: Corrosive Bolt
Press: ? - help, Shift-Dir - straight line, f/p - gargoyle
Aim: a gargoyle, wielding a +0 flail (heavily damaged, 88% to hit)
The bolt of acid hits the gargoyle.
The gargoyle is splashed with acid!
The gargoyle is almost destroyed.
The gargoyle hurls a stone arrow at you.
The stone arrow hits you!
You die...

##
#................##.##...#####
#########..#.....##...........
#........#######.###.[ ##
......#.#######.#.... ##
#....#..........##.#..## .#
#...##..........##......
...#............##..#### ###
.....>..........#....... #
...#. .#.#9@......†.#...###.
#...... ##.#######.....#
....... #.. ##†.##.# .......
##.. #..##.... ....... ...
#..# ..### #......
#............# ##...#..
#....#...###.# ........
.....##... #.##.... ... .....


You could see a gargoyle.

Vanquished Creatures
  The ghost of sizableburger the Grave Robber, an amateur NaNe (D:4)
  A water moccasin (D:6)
  An orc warrior (D:4)
  An ice beast (D:5)
  A necrophage (D:6)
  An ogre (D:5)
  A kobold brigand (Sewer)
  5 wights (D:6)
  A hound (D:5)
  2 orc priests (D:4)
  A bullfrog skeleton (D:5)
  Ijyb (D:3)
  An iguana (D:4)
  Terence (D:3)
  2 orc wizards (D:4)
  A hound skeleton (D:4)
  A howler monkey zombie (D:5)
  6 adders
  A river rat (Sewer)
  An ufetubus (D:5)
  An adder zombie (D:5)
  3 worms
  5 dart slugs
  5 orcs
  3 ball pythons
  5 bats
  5 endoplasms
  7 giant cockroaches
  16 goblins
  4 hobgoblins
  4 jackals (D:1)
  4 quokkas
  2 frilled lizards (D:2)
  10 kobolds
  13 rats
118 creatures vanquished.

Notes
Turn   | Place    | Note
-------+----------+-------------------------------------------
     0 | D:1      | chippings the Mummy Gladiator began the quest for the Orb.
     0 | D:1      | Reached XP level 1. HP: 16/16 MP: 1/1
    60 | D:1      | You fall into a shaft and drop 1 floor!
   121 | D:2      | Found Taucin's Antique Armour Boutique.
   134 | D:2      | Reached XP level 2. HP: 15/23 MP: 2/2
   669 | D:2      | Reached XP level 3. HP: 23/28 MP: 3/3
  1175 | D:2      | Found a faded altar of an unknown god.
  2093 | D:1      | Reached skill level 1 in Short Blades
  2112 | D:1      | Reached XP level 4. HP: 34/34 MP: 4/4
  2481 | D:2      | Reached skill level 3 in Fighting
  2584 | D:3      | Noticed Ijyb
  2602 | D:3      | Killed Ijyb
  2849 | D:3      | Found a snail-covered altar of Cheibriados.
  2950 | D:3      | Noticed Terence
  2964 | D:3      | Killed Terence
  2965 | D:3      | Reached XP level 5. HP: 26/41 MP: 5/5
  3823 | D:4      | Reached skill level 4 in Fighting
  4021 | D:4      | Found a runed translucent door.
  4023 | D:4      | Noticed sizableburger's ghost (amateur NaNe)
  4104 | D:4      | Killed sizableburger's ghost
  4105 | D:4      | Reached skill level 5 in Fighting
  4105 | D:4      | Reached XP level 6. HP: 21/51 MP: 6/6
  4293 | D:4      | Found a radiant altar of Vehumet.
  4309 | D:4      | Reached skill level 6 in Fighting
  4589 | D:4      | Found a shimmering blue altar of Sif Muna.
  4594 | D:4      | Noticed an orc warrior
  4607 | D:4      | Killed an orc warrior
  4608 | D:4      | Reached XP level 7. HP: 7/59 MP: 7/7
  4614 | D:4      | Identified Sif Muna's Almanac of Transformation
  4627 | D:4      | Found a bloodstained altar of Trog.
  5031 | D:4      | Became a worshipper of Vehumet
  5055 | D:4      | Found a shadowy altar of Dithmenos.
  5151 | D:4      | Found a burning altar of Makhleb.
  5400 | D:5      | Entered Level 5 of the Dungeon
  5402 | D:5      | Found Xunoih's Magic Scroll Emporium.
  5417 | D:5      | Reached skill level 7 in Fighting
  5438 | D:5      | Bought a scroll of identify for 22 gold pieces
  5447 | D:5      | Bought a scroll of fear for 38 gold pieces
  5447 | D:5      | Bought a scroll of torment for 82 gold pieces
  5613 | D:5      | Reached skill level 8 in Fighting
  6116 | D:6      | Reached skill level 1 in Evocations
  6117 | D:6      | Reached XP level 8. HP: 15/68 MP: 8/8
  6375 | D:6      | Found a hide-covered altar of Uskayaw.
  6439 | D:6      | Found a glowing drain.
  6462 | Sewer    | Entered a sewer
  6555 | Sewer    | Reached skill level 1 in Polearms
  6717 | D:6      | Reached * piety under Vehumet
  6717 | D:6      | Offered knowledge of Magic Dart by Vehumet.
  6737 | D:6      | Learned a level 1 spell: Magic Dart
  6772 | D:6      | Noticed a gargoyle
  6782 | D:6      | HP: 1/68 [gargoyle/stone arrow (16)]
  6783 | D:6      | Killed from afar by a gargoyle

Illustrated notes

Levels and vault maps discovered:
D:1:      mrwooster_arrival_statue_2, layout_loops_ring, st_stairs_9,
          supply_closet_lemuel
D:2:      layout_loops_ring, serial_shops, nicolae_shop_overgrown_old_shop,
          hellmonk_ecumenical_altar_pennies_from_heaven
D:3:      minmay_chambers_of_threes, layout_rooms, marbit_many_paths, uniq_ijyb,
          uniq_terence
D:4:      layout_basic, nzn_overflow_gifts_of_might_and_magic,
          general_overflow_altar, old_standard_altar, old_standard_altar,
          gammafunk_ghost_grave, chequers_serial_rivers_micro_a
D:5:      layout_basic, serial_shops, nicolae_shop_trees, hex_large,
          grunt_ministairs_2
D:6:      layout_rooms, eat_drink_and_be_merry_uskayaw, elyvilon_altar_5,
          gammafunk_temple_overflow_claw, gup_sewer_entry_glass

Skill      XL: |  1  2  3  4  5  6  7  8 |
---------------+-------------------------+-----
Maces & Flails | 3 |  3.3
Short Blades   | 1 2 |  2.0
Fighting       | 3 5 6 8 |  8.0
Evocations     | 2 3 |  3.6
Polearms       | 2 |  2.0
Throwing       | |  1.5
Dodging        | |  2.4

Action                   |  1- 3 |  4- 6 |  7- 9 || total
-------------------------+-------+-------+-------++-------
Melee: Flail             |    66 |       |       ||    66
       Short sword       |    56 |   168 |    62 ||   286
       Spear             |       |       |    54 ||    54
Evoke: Wand              |       |     3 |     8 ||    11
  Use: Scroll            |       |       |     5 ||     5
Armor: Leather armour    |    33 |       |       ||    33
       Ring mail         |    12 |    13 |       ||    25
       Scale mail        |       |    10 |       ||    10
       Chain mail        |       |    44 |    56 ||   100
Dodge: Dodged            |    93 |    56 |    40 ||   189

Table legend: (Time is in decaauts)
 A = Elapsed time spent in this place.
 B = Non-inter-level travel time spent in this place.
 C = Inter-level travel time spent in this place.
 D = Time resting spent in this place.
 E = Time spent auto-exploring this place.
 F = Levels seen in this place.
 G = Mean time per level.
                   A        B        C        D        E       F      G
               +--------+--------+--------+--------+--------+-----+--------+
         Total |   6835 |   6687 |    148 |    155 |   4927 |   7 |  976.4 |
       Dungeon |   6612 |   6464 |    148 |    155 |   4781 |   6 | 1102.0 |
         Sewer |    223 |    223 |      0 |      0 |    145 |   1 |  223.0 |
               +--------+--------+--------+--------+--------+-----+--------+

Top non-repeatable levels by time:
     D:2: 1596 daAuts
     D:4: 1585 daAuts
     D:3: 1230 daAuts
     D:1: 1011 daAuts
     D:5: 668 daAuts
     D:6: 520 daAuts
   Sewer: 223 daAuts
